 Dungeon Crawl Stone Soup version 0.29-a0-350-g7790a0e70a (webtiles) character file.

Game seed: 7917515605227868703

51 zeratav the Chopper (level 3, -4/31 HPs)
             Began as a Hill Orc Fighter on Apr 22, 2022.
             Frozen to death by an endoplasm (5 damage)
             ... on level 2 of the Dungeon.
             The game lasted 00:01:05 (887 turns).

zeratav the Chopper (Hill Orc Fighter)               Turns: 887, Time: 00:01:06

Health: -4/31      AC:  6    Str: 20    XL:     3   Next: 83%
Magic:  3/3        EV:  9    Int:  8    God:
Gold:   29         SH:  4    Dex: 10    Spells: 2/2 levels left

rFire   . . .      SeeInvis .   a - +0 war axe {axe}
rCold   . . .      Faith    .   c - +0 buckler
rNeg    . . .      Spirit   .   b - +0 scale mail
rPois   .          Reflect  .   (no helmet)
rElec   .          Harm     .   (no cloak)
rCorr   .          Rampage  .   (no gloves)
Will    .....                   (no boots)
Stlth   ..........              (no amulet)
HPRegen 0.10/turn               (no ring)
MPRegen 0.08/turn               (no ring)

@: no status effects
A: no striking features
a: no special abilities


You were on level 2 of the Dungeon.
You visited 1 branch of the dungeon, and saw 2 of its levels.

You collected 29 gold pieces.


   Skills:
 - Level 3.6 Fighting
 + Level 5.4 Axes
 - Level 3.2 Armour
 - Level 3.2 Shields


You had 2 spell levels left.
You didn't know any spells.
Your spell library contained the following spells:

 Spells                   Type           Power      Damage    Failure   Level
 Freezing Cloud           Conj/Ice/Air   0%         6-21      100%        5
 Simulacrum               Ice/Necr       0%         N/A       100%        6
 Polar Vortex             Ice            0%         N/A       100%        9

Inventory:

Hand Weapons
 a - a +0 war axe (weapon) {axe}
Armour
 b - a +0 scale mail (worn)
 c - a +0 buckler (worn)
 j - a +0 leather armour
   (You found it on level 1 of the Dungeon)
Scrolls
 e - a scroll of enchant weapon {unknown}
 f - a scroll of silence {unknown}
 i - a scroll of identify {unknown}
Potions
 d - a potion of might
 g - a potion of mutation {unknown}
 h - 2 potions of heal wounds {unknown}

Dungeon Overview and Level Annotations

Branches:
Dungeon (2/15)

Altars:

#.# ##.######..#
#.>.<......#
#..######..#
#..######.
#.....<...
########..#######
......).).....=.
#######@)#######
#Jg# #K... #..###
#..# #..# #..#
...#


You could see an endoplasm, a goblin and a kobold.


Message History

You hit the goblin.
You hear a shout! x2
The goblin hits you but does no damage.
The goblin shoots a sling bullet.
The sling bullet hits you but does no damage.
You slash the goblin!
You kill the goblin!
You miss the goblin.
The goblin unwields a +0 hunting sling.
The goblin wields a +0 dagger.
The goblin hits you but does no damage.
HP[+1]
Your hp is fully restored (31).
You slash the goblin!
You kill the goblin!
Robin and a goblin come into view.
Robin shouts!
Robin throws the goblin at you!
Things that are here:
a +0 dagger {short}; a +0 hunting sling {sling}; a +0 club {mace} HP[-2]
You take 2 damage, and now have 29/31 hp.
The goblin shouts!
You slash the goblin!
You kill the goblin!
You hit the goblin.
A hobgoblin comes into view.
The goblin hits you but does no damage.
Robin roars a battlecry!
The goblins go into a battle-frenzy!
You closely miss the goblin. The goblin hits you with a +0 club.
An endoplasm comes into view.
A goblin comes into view. It is wielding a +0 dagger.
The goblin barely misses you.
HP[-5]
You take 5 damage, and now have 24/31 hp.
You hit the goblin. You block the goblin's attack.
You closely miss the goblin.
A hobgoblin comes into view.
The goblin hits you but does no damage. Robin throws the goblin at you!
You barely miss the goblin. You closely miss the goblin. x2
The goblin barely misses you. The goblin closely misses you.
A goblin comes into view. It is wielding a +0 club.
The goblin hits you but does no damage. The goblin barely misses you.
The goblin hits you but does no damage.
The goblin shouts!
You hit the goblin.
You kill the goblin!
You barely miss the hobgoblin. You slash the goblin!
You kill the goblin!
You hit the goblin. The goblin hits you with a +0 dagger.
The hobgoblin barely misses you.
Your Axes skill increases to level 5!
HP[-2]
You take 2 damage, and now have 22/31 hp.
You barely miss Robin. You hit the goblin.
You kill the goblin!
You closely miss the hobgoblin. Robin hits you with a +0 dagger.
The hobgoblin hits you.
* * * LOW HITPOINT WARNING * * *
HP[-8]
You take 8 damage, and now have 14/31 hp.
MASSIVE DAMAGE!! (PAUSE)
You hit Robin. You hit the hobgoblin. Robin hits you but does no damage.
The hobgoblin hits you.
* * * LOW HITPOINT WARNING * * *
HP[-6]
You take 6 damage, and now have 8/31 hp.
You slash Robin! You closely miss the hobgoblin. Robin barely misses you.
Robin hits you with a +0 dagger.
* * * LOW HITPOINT WARNING * * *
A kobold comes into view. It is wielding a +0 whip.
The hobgoblin hits you but does no damage.
HP[-1]
You take 1 damage, and now have 7/31 hp.
You barely miss Robin. You hit the hobgoblin but do no damage.
You hit the hobgoblin. You block Robin's attack.
The hobgoblin barely misses you.
The hobgoblin hits you but does no damage.
You slash Robin!
You kill Robin!
You closely miss the hobgoblin. You hit the hobgoblin.
You kill the hobgoblin!
The hobgoblin closely misses you.
You barely miss the endoplasm. You barely miss the hobgoblin.
The goblin no longer looks unusually strong.
The endoplasm hits you but does no damage.
You barely miss the endoplasm. You slash the hobgoblin!
You kill the hobgoblin!
You block the endoplasm's attack. The goblin hits you but does no damage.
The endoplasm freezes you.
You are frozen.
* * * LOW HITPOINT WARNING * * *
HP[-3]
You take 3 damage, and now have 4/31 hp.
You hit the endoplasm. You completely miss the goblin.
The goblin hits you but does no damage. The endoplasm barely misses you.
HP[+1]
You hit the endoplasm. You hit the goblin. The goblin hits you with a +0 club.
* * * LOW HITPOINT WARNING * * *
The endoplasm freezes you.
You are frozen.
You die...

Skill      XL: |  1  2  3 |
---------------+----------+-----
Axes           | 3 4 5 |  5.4
Fighting       | |  3.6
Armour         | |  3.2
Shields        | |  3.2

Action                   || total
-------------------------++-------
Melee: War axe           ||    87
Armor: Scale mail        ||    65
Dodge: Dodged            ||    56
Block: Buckler           ||    25

Levels and vault maps discovered:
D:1:      minmay_arrival_solitary_statue, layout_basic, basic_ecumenical_altar
D:2:      layout_loops_ring, uniq_robin, uniq_sigmund

Notes
Turn   | Place    | Note
-------+----------+-------------------------------------------
     0 | D:1      | zeratav the Hill Orc Fighter began the quest for the Orb.
     0 | D:1      | Reached XP level 1. HP: 19/19 MP: 1/1
     0 | D:1      | magus.rc [v1.9.6]
    64 | D:1      | You pick up a book of Ice and begin reading...
    64 | D:1      | You add the spells Freezing Cloud, Simulacrum and Polar
                  | Vortex to your library.
   159 | D:1      | Reached skill level 3 in Axes
   218 | D:1      | Reached XP level 2. HP: 18/26 MP: 2/2
   327 | D:1      | Found a faded altar of an unknown god.
   348 | D:1      | Reached skill level 4 in Axes
   732 | D:1      | Reached XP level 3. HP: 31/31 MP: 3/3
   872 | D:2      | Noticed Robin
   879 | D:2      | Reached skill level 5 in Axes
   881 | D:2      | HP: 7/31 [Robin/+0 dagger (1)]
   883 | D:2      | Killed Robin
   887 | D:2      | HP: 1/31 [goblin/+0 club[Robin] (4)]
   887 | D:2      | Frozen to death by an endoplasm

Vanquished Creatures
  Robin (D:2)
  3 endoplasms (D:1)
  12 goblins
  3 hobgoblins
  3 jackals (D:1)
  A kobold (D:1)
  2 quokkas
  3 ball pythons (D:1)
  A bat (D:1)
  4 frilled lizards (D:1)
  3 rats (D:1)
36 creatures vanquished.

Table legend:
 A = Non-vault XP
 B = Vault XP
 C = Vault XP percentage of total XP
 D = Non-vault monster count
 E = Vault monster count
 F = Vault count percentage of total count
                 A         B        C        D         E       F
            +---------+---------+-------+---------+---------+-------
      Total |      39 |      35 |  47.3 |      25 |      11 |  30.6
            +---------+---------+-------+---------+---------+-------
        D:1 |      37 |       0 |   0.0 |      24 |       0 |   0.0
        D:2 |       2 |      35 |  94.6 |       1 |      11 |  91.7
            +---------+---------+-------+---------+---------+-------

Illustrated notes

Table legend:
 A = Kills in this place as a percentage of kills in entire the game.
 B = Kills by you in this place as a percentage of kills by you in the entire game.
 C = Kills by friends in this place as a percentage of kills by friends in the entire game.
 D = Other kills in this place as a percentage of other kills in the entire game.
 E = Experience gained in this place as a percentage of experience gained in the entire game.
 F = Experience gained in this place divided by the number of levels of this place that you have seen.
                   A       B       C       D       E      F
               +-------+-------+-------+-------+-------+----------------------
         Total | 100.0 | 100.0 |   N/A |   N/A | 100.0 |  37.0
       Dungeon | 100.0 | 100.0 |   N/A |   N/A | 100.0 |  37.0
               +-------+-------+-------+-------+-------+----------------------

Table legend: (Time is in decaauts)
 A = Elapsed time spent in this place.
 B = Non-inter-level travel time spent in this place.
 C = Inter-level travel time spent in this place.
 D = Time resting spent in this place.
 E = Time spent auto-exploring this place.
 F = Levels seen in this place.
 G = Mean time per level.
                   A        B        C        D        E       F      G
               +--------+--------+--------+--------+--------+-----+--------+
         Total |    915 |    881 |     34 |    123 |    580 |   2 |  457.5 |
       Dungeon |    915 |    881 |     34 |    123 |    580 |   2 |  457.5 |
               +--------+--------+--------+--------+--------+-----+--------+

Top non-repeatable levels by time:
     D:1: 878 daAuts
     D:2: 37 daAuts
